 Dungeon Crawl Stone Soup version 0.24.0-13-gcf9b3192b9 (webtiles) character file.

Game seed: 5331996864353901301, levelgen mode: deterministic

36 Gobbopathe the Sneak (level 3, 0/14 HPs)
             Began as a Felid Wanderer on Nov 5, 2019.
             Slain by an adder (4 damage)
             ... on level 2 of the Dungeon.
             The game lasted 00:02:22 (1274 turns).

Gobbopathe the Sneak (Felid Wanderer)               Turns: 1274, Time: 00:02:22

Health: 0/14       AC:  1    Str:  8    XL:     3   Next: 19%
Magic:  7/7        EV: 18    Int: 16    God:
Gold:   26         SH:  0    Dex: 13    Spells: 5/6 levels left
                                        Lives:  0   Deaths: 0

rFire    . . .     SeeInvis +     - Unarmed
rCold    . . .     Gourm    .   (shield unavailable)
rNeg     . . .     Faith    .   (armour unavailable)
rPois    .         Spirit   .   (helmet unavailable)
rElec    .         Reflect  .   (cloak unavailable)
rCorr    .         Harm     .   (gloves unavailable)
MR       .....                  (boots unavailable)
Stlth    +++.......             (no amulet)
HPRegen  0.04/turn              (no ring)
MPRegen  0.10/turn              (no ring)

@: lethally poisoned (0 -> -6), quick
A: very small, no armour, no weapons or thrown items, stealth, claws 1, fangs 3,
see invisible, carnivore, speed 1, shaggy fur 1, slow metabolism 1, sharp paws
a: no special abilities


You were on level 2 of the Dungeon.
You were completely stuffed.

You visited 1 branch of the dungeon, and saw 2 of its levels.

You collected 26 gold pieces.

Inventory:

Jewellery
 g - an uncursed amulet of regeneration {unknown}
Scrolls
 a - 2 scrolls of fog {unknown}
 b - a scroll of teleportation
 f - a scroll of random uselessness {unknown}
 j - 3 scrolls of identify {unknown}
Potions
 h - a potion of flight {unknown}
Comestibles
 d - 5 rations
 i - 2 chunks of flesh


   Skills:
 + Level 3.1 Dodging
 + Level 5.1 Stealth
 - Level 1.0 Unarmed Combat
 - Level 2.0 Spellcasting
   Level 3.0 Summonings


You had 5 spell levels left.
You knew the following spells:

 Your Spells              Type           Power        Failure   Level  Hunger
a - Magic Dart            Conj           #...         21%         1    #......

Your spell library contained the following spells:

 Spells                   Type           Power        Failure   Level  Hunger
 Call Imp                 Summ           ##......     9%          2    ###....
 Blink                    Tloc           N/A          30%         2    ###....
 Slow                     Hex            #.......     30%         2    ###....
 Conjure Flame            Conj/Fire      #.......     52%         3    ###....
 Mephitic Cloud           Conj/Pois/Air  #.......     52%         3    ###....


Dungeon Overview and Level Annotations

Branches:
Dungeon (2/15)

Altars:


Innate Abilities, Weirdness & Mutations

You cannot wear armour.
You are incapable of wielding weapons or throwing items.
Your paws allow you to move quietly. (Stealth)
You have sharp claws.
You have razor-sharp teeth.
You have supernaturally acute eyesight. (SInv)
You are carnivorous and can eat meat at any time.
You cover ground quickly.
You are covered in fur. (AC +1)
You have a slow metabolism.
Your sharp claws are effective at attacking unaware monsters.


Message History

You scratch the adder but do no damage.
The adder is almost dead.
You feel sick. The adder closely misses you. The kobold hits you.
Dmg: -14%(-2hp) hp: 79%(11hp)
You barely miss the adder. Your bite misses the adder.
The adder is almost dead.
The adder barely misses you. The kobold barely misses you. The adder bites you.
Dmg: -14%(-2hp) hp: 65%(9hp) Unknown command.
You scratch the adder but do no damage.
The adder is almost dead.
The kobold hits you. The adder closely misses you.
Huge Dmg: -29%(-4hp) hp: 36%(5hp)
You miss the adder.
The adder is almost dead.
The adder misses you. The kobold barely misses you.
You scratch the adder but do no damage.
The adder is almost dead.
You feel sick. The adder bites you.
You die...

<#### ..... .... #... .
.... #..# . #..### #..#
#.###.... # #..# #.......
#..##.##K†# #.#.#..###.#
........S@#####.#.#....>.#
#..##.##.............#
#.##.#######...###
#.##....## #...#
#........# #.÷.#
#..###.%.######...#####
#........##.........[.##.
##.##...÷................
........##...........###


You could see an adder and a kobold.

Vanquished Creatures
  An adder (D:2)
  A worm (D:2)
  3 leopard geckos (D:1)
  2 goblins (D:1)
  3 hobgoblins
  4 jackals (D:1)
  A ball python (D:2)
  2 bats
  3 rats
20 creatures vanquished.

Notes
Turn   | Place    | Note
-------+----------+-------------------------------------------
     0 | D:1      | Gobbopathe the Felid Wanderer began the quest for the Orb.
     0 | D:1      | Gobbopathe set off with the following items: a scroll of
                  | teleportation, a potion of curing, a ration; and the
                  | following spell memorised: Magic Dart; and the following
                  | spells available to memorise: Call Imp, Blink, Slow,
                  | Conjure Flame, Mephitic Cloud
     0 | D:1      | Reached XP level 1. HP: 7/7 MP: 4/4
   270 | D:1      | Reached XP level 2. HP: 11/11 MP: 6/6
  1153 | D:2      | Reached skill level 5 in Stealth
  1153 | D:2      | Reached XP level 3. HP: 14/14 MP: 7/7
  1274 | D:2      | Slain by an adder

Levels and vault maps discovered:
D:1:      nicolae_arrival_somewhat_less_tricky_arrival, layout_loops_ring
D:2:      layout_loops_cross, first_ration

Skill      XL: |  1  2 |
---------------+-------+-----
Dodging        | 2 3 |  3.1
Stealth        | 5 |  5.1
Unarmed Combat | |  1.0
Spellcasting   | |  2.0
Summonings     | |  3.0

Action                   || total
-------------------------++-------
Melee: Unarmed           ||   106
       Bite              ||     7
  Use: Potion            ||     2
 Stab: Sleeping          ||     7
  Eat: Chunk             ||     8
Armor: Skin              ||     5
Dodge: Dodged            ||   100
